Rangers vs Penguins (R1)

Created - December 26, 2021 at 23:16

Goals
1 2 3 T
Rangers 0 1 0 1
Penguins 0 2 1 3
Shots
1 2 3 T
Rangers 12 8 19 39
Penguins 13 11 9 33

1st period

No Goal

Penalties :
Luke Schenn (NyR) for Boarding (Minor) at 7:22, Marcus Foligno (Pit) for Roughing (Minor) at 18:54

2nd period

1. Rangers , Richard Panik 3 (Matt Delahey 3) at 7:18
2. Penguins , Steven Stamkos 6 (Andrew Cogliano 2) at 8:17
3. Penguins , Teuvo Teravainen 3 (Derek Stepan 10) at 9:02

Penalties :
Cal Clutterbuck (Pit) for Cross-checking (Minor) at 2:57, Derek Stepan (Pit) for Tripping (Minor) at 17:48

3rd period

4. Penguins , Cal Clutterbuck 5 (Joe Colborne 3) at 9:33

Penalties :
Milan Lucic (NyR) for Tripping (Minor) at 12:56

Goalie Stats

Frederik Andersen (NyR), 30 saves from 33 shots - (0.909), L, 4-2-0, 60:00 minutes
Jacob Markstrom (Pit), 38 saves from 39 shots - (0.974), W, 6-2-0, 60:00 minutes

Players Stats for Rangers

Player Name              G  A  P  +/- PIM S  H  SB GA TA FO     MP     PP MP  PK MP  
------------------------------------------------------------------------------------
Artem Anisimov           0  0  0   1  0   2  0  0  0  0  2/3     8:39   0:00   0:54 
Chris Bourque            0  0  0  -1  0   3  2  0  1  0  2/3    17:59   3:02   0:49 
Devante Smith-Pelly      0  0  0  -1  0   1  0  0  0  0  0/0    12:12   0:12   0:00 
Dmitry Kulikov           0  0  0  -1  0   1  4  4  1  1  0/0    28:21   4:18   2:47 
Jonas Brodin             0  0  0  -1  0   1  0  0  1  0  0/0    13:19   0:00   1:35 
Luke Schenn              0  0  0  -1  2   1  4  1  0  0  0/0    26:53   4:18   1:12 
Magnus Paajarvi          0  0  0   1  0   3  1  0  0  0  0/0     7:26   0:00   0:09 
Matt Delahey             0  1  1   0  0   3  0  1  0  0  0/0    19:26   1:39   1:11 
Milan Lucic              0  0  0  -1  2   6  2  0  1  0  3/7    21:37   2:43   1:33 
Morgan Ellis             0  0  0  -1  0   0  0  1  0  0  0/0    11:44   0:00   0:00 
Patrice Bergeron         0  0  0  -1  0   4  0  2  1  0  6/8    18:04   3:02   0:43 
Patrik Nemeth            0  0  0   0  0   3  1  1  0  0  0/0    18:58   1:39   1:11 
Richard Panik            1  0  1   1  0   2  1  0  0  0  0/0     7:28   0:12   0:00 
Ryan Strome              0  0  0  -1  0   2  3  0  0  0  1/2    19:48   2:55   0:00 
Sean Couturier           0  0  0  -1  0   5  1  0  0  0  16/30  22:15   2:43   2:34 
Steve Quailer            0  0  0  -1  0   1  1  0  0  0  1/1    17:01   3:02   0:00 
T.J Galiardi             0  0  0  -1  0   0  0  0  0  1  0/1    12:34   0:00   0:48 
Tomas Hertl              0  0  0  -1  0   1  0  0  0  0  3/8    12:16   0:00   0:26 

Players Stats for Penguins

Player Name              G  A  P  +/- PIM S  H  SB GA TA FO     MP     PP MP  PK MP  
------------------------------------------------------------------------------------
Andrew Cogliano          0  1  1   1  0   5  2  1  0  0  0/1    21:37   2:32   1:42 
Brandon Tanev            0  0  0  -1  0   0  0  0  0  0  0/0     8:02   0:00   0:00 
Cal Clutterbuck          1  0  1   1  2   3  0  0  0  0  0/0    13:13   0:00   2:34 
Derek Stepan             0  1  1   1  2   3  2  0  0  1  5/13   16:31   1:26   0:33 
Jason Zucker             0  0  0   1  0   3  0  0  0  0  0/0    15:49   1:26   0:21 
Jeff Skinner             0  0  0   1  0   1  3  0  0  0  1/1    12:19   2:30   0:00 
Joe Colborne             0  1  1   1  0   0  4  0  0  0  2/5    11:41   0:00   1:17 
Keith Aulie              0  0  0   1  0   1  2  3  0  1  0/0    20:45   1:28   3:02 
Lars Eller               0  0  0  -1  0   2  0  0  0  0  2/3     8:27   0:00   0:07 
Marcus Foligno           0  0  0  -1  2   2  0  0  0  0  0/1    12:14   1:28   1:35 
Nikita Kucherov          0  0  0   1  0   4  1  0  2  0  1/1    19:36   2:32   0:00 
Oliver Ekman-Larsson     0  0  0   0  0   1  2  1  0  1  0/0    28:24   2:30   2:55 
Olli Maatta              0  0  0   1  0   0  0  2  0  0  0/0    10:31   0:00   0:00 
Radko Gudas              0  0  0   1  0   0  2  2  0  0  0/0    19:16   0:00   3:02 
Sean Zimmerman           0  0  0   0  0   2  0  3  0  0  0/0    25:53   0:00   2:55 
Steven Stamkos           1  0  1   1  0   3  2  0  0  1  18/37  23:24   2:32   3:45 
Teuvo Teravainen         1  0  1   1  0   3  4  0  0  0  0/1    15:47   1:26   0:00 
Will Butcher             0  0  0   1  0   0  1  2  0  1  0/0    10:31   0:00   0:00 

3 Stars

1 - Jacob Markstrom (Pit)
2 - Teuvo Teravainen (Pit)
3 - Steven Stamkos (Pit)

Power Play

Rangers - 0 on 3 Attempt(s) - 0.00%
Penguins - 0 on 2 Attempt(s) - 0.00%

Penalty Kill

Rangers - 2 on 2 Attempt(s) - 100.00% - Score 0 goal in Penalty Kill
Penguins - 3 on 3 Attempt(s) - 100.00% - Score 0 goal in Penalty Kill

Team Stat

Rangers - Hits : 20 - Faceoff Wins : 34 - Blocked Shots : 10 - Penalty Minutes : 4
Penguins - Hits : 25 - Faceoff Wins : 29 - Blocked Shots : 14 - Penalty Minutes : 6

Official

Referees : Trevor Hanson and Tim Peel
Linesman : Brad Kovachik and Mark Shewchyk

Game Notes

8:34 of 1st period - Penguins goal is going for a video replay. After video review, No Goal. The attacking player has interfered with a goalkeeper in his goal crease.

Finance

Level 1 -- Attendance: 6000 (100.00%) -- Ticket Income $600,000
Level 2 -- Attendance: 5000 (100.00%) -- Ticket Income $300,000
Level 3 -- Attendance: 1923 (96.15%) -- Ticket Income $67,305
Level 4 -- Attendance: 3728 (93.20%) -- Ticket Income $93,200
Luxury Box -- Attendance: 933 (93.30%) -- Ticket Income $186,600
Game was played at the PPG Paint Arena.
Total Attendance: 17584 (97.69%)
Total Ticket Income: $1,247,105
Other Income: $187,066
Total Income: $1,434,171

Rangers

5 vs 5 Forward 
   Center                   Left Wing                Right Wing               Time % Phy DF OF 
 1 Sean Couturier           Milan Lucic              Ryan Strome              40     1   2  2  
 2 Patrice Bergeron         Chris Bourque            Steve Quailer            30     1   2  2  
 3 Tomas Hertl              T.J Galiardi             Devante Smith-Pelly      20     1   2  2  
 4 Artem Anisimov           Magnus Paajarvi          Richard Panik            10     1   2  2  

5 vs 5 Defense 
   Defense                  Defense                                           Time % Phy DF OF 
 1 Luke Schenn              Dmitry Kulikov                                    40     1   2  2  
 2 Patrik Nemeth            Matt Delahey                                      30     1   2  2  
 3 Morgan Ellis             Jonas Brodin                                      20     1   2  2  
 4 Luke Schenn              Dmitry Kulikov                                    10     1   2  2  

PowerPlay Forward 
   Center                   Left Wing                Right Wing               Time % Phy DF OF 
 1 Sean Couturier           Milan Lucic              Ryan Strome              60     1   2  2  
 2 Patrice Bergeron         Chris Bourque            Steve Quailer            40     1   2  2  

PowerPlay Defense
   Defense                  Defense                                           Time % Phy DF OF 
 1 Luke Schenn              Dmitry Kulikov                                    60     1   2  2  
 2 Patrik Nemeth            Matt Delahey                                      40     1   2  2  

Penalty Kill 4 Players Forward 
   Center                   Wing                     Time % Phy DF OF 
 1 Milan Lucic              Sean Couturier           60     1   2  2  
 2 Patrice Bergeron         Tomas Hertl              40     1   2  2  

Penalty Kill 4 Players Defense
   Defense                  Defense                  Time % Phy DF OF 
 1 Luke Schenn              Dmitry Kulikov           60     1   2  2  
 2 Patrik Nemeth            Matt Delahey             40     1   2  2  

Penalty Kill - 3 Players Forward 
   Forward                                           Time % Phy DF OF 
 1 Milan Lucic                                       60     1   2  2  
 2 Sean Couturier                                    40     1   2  2  

Penalty Kill - 3 Players Defense
   Defense                  Defense                  Time % Phy DF OF 
 1 Luke Schenn              Dmitry Kulikov           60     1   2  2  
 2 Patrik Nemeth            Matt Delahey             40     1   2  2  

4 vs 4 Forward 
   Center                   Wing                     Time % Phy DF OF 
 1 Milan Lucic              Sean Couturier           60     1   2  2  
 2 Patrice Bergeron         Tomas Hertl              40     1   2  2  

4 vs 4 Defense
   Defense                  Defense                  Time % Phy DF OF 
 1 Luke Schenn              Dmitry Kulikov           60     1   2  2  
 2 Patrik Nemeth            Matt Delahey             40     1   2  2  

Last Minutes Offensive
   Center                   Left Wing                Right Wing               Defense                  Defense                  
   Sean Couturier           Milan Lucic              Ryan Strome              Luke Schenn              Dmitry Kulikov           

Last Minutes Defensive
   Center                   Left Wing                Right Wing               Defense                  Defense                  
   Sean Couturier           Milan Lucic              Ryan Strome              Luke Schenn              Dmitry Kulikov           

Goaltenders
Starting : Frederik Andersen        
Backup : Harru Sateri             

Extra Forwards
Normal : Devante Smith-Pelly, Richard Panik, T.J Galiardi - PP : Devante Smith-Pelly, Richard Panik - PK : T.J Galiardi
Extra Defensemen
Normal : Morgan Ellis, Jonas Brodin, Patrik Nemeth - PP : Morgan Ellis - PK : Jonas Brodin, Patrik Nemeth
Penalty Shots
Milan Lucic, Sean Couturier, Patrice Bergeron, Tomas Hertl, Ryan Strome

Scratches
Brett Ponich (Healthy), Jake Paterson (Healthy)

Penguins

5 vs 5 Forward 
   Center                   Left Wing                Right Wing               Time % Phy DF OF 
 1 Steven Stamkos           Andrew Cogliano          Nikita Kucherov          40     1   2  2  
 2 Derek Stepan             Jason Zucker             Teuvo Teravainen         30     1   2  2  
 3 Joe Colborne             Jeff Skinner             Cal Clutterbuck          20     1   2  2  
 4 Lars Eller               Brandon Tanev            Marcus Foligno           10     1   2  2  

5 vs 5 Defense 
   Defense                  Defense                                           Time % Phy DF OF 
 1 Sean Zimmerman           Oliver Ekman-Larsson                              40     1   2  2  
 2 Keith Aulie              Radko Gudas                                       30     1   2  2  
 3 Olli Maatta              Will Butcher                                      20     1   2  2  
 4 Sean Zimmerman           Oliver Ekman-Larsson                              10     1   2  2  

PowerPlay Forward 
   Center                   Left Wing                Right Wing               Time % Phy DF OF 
 1 Steven Stamkos           Andrew Cogliano          Nikita Kucherov          60     1   2  2  
 2 Derek Stepan             Jason Zucker             Teuvo Teravainen         40     1   2  2  

PowerPlay Defense
   Defense                  Defense                                           Time % Phy DF OF 
 1 Jeff Skinner             Oliver Ekman-Larsson                              60     1   2  2  
 2 Keith Aulie              Marcus Foligno                                    40     1   2  2  

Penalty Kill 4 Players Forward 
   Center                   Wing                     Time % Phy DF OF 
 1 Steven Stamkos           Cal Clutterbuck          60     1   2  2  
 2 Joe Colborne             Marcus Foligno           40     1   2  2  

Penalty Kill 4 Players Defense
   Defense                  Defense                  Time % Phy DF OF 
 1 Sean Zimmerman           Oliver Ekman-Larsson     60     1   2  2  
 2 Keith Aulie              Radko Gudas              40     1   2  2  

Penalty Kill - 3 Players Forward 
   Forward                                           Time % Phy DF OF 
 1 Cal Clutterbuck                                   60     1   2  2  
 2 Joe Colborne                                      40     1   2  2  

Penalty Kill - 3 Players Defense
   Defense                  Defense                  Time % Phy DF OF 
 1 Sean Zimmerman           Oliver Ekman-Larsson     60     1   2  2  
 2 Keith Aulie              Radko Gudas              40     1   2  2  

4 vs 4 Forward 
   Center                   Wing                     Time % Phy DF OF 
 1 Steven Stamkos           Andrew Cogliano          60     1   2  2  
 2 Derek Stepan             Nikita Kucherov          40     1   2  2  

4 vs 4 Defense
   Defense                  Defense                  Time % Phy DF OF 
 1 Sean Zimmerman           Oliver Ekman-Larsson     60     1   2  2  
 2 Keith Aulie              Radko Gudas              40     1   2  2  

Last Minutes Offensive
   Center                   Left Wing                Right Wing               Defense                  Defense                  
   Steven Stamkos           Andrew Cogliano          Nikita Kucherov          Sean Zimmerman           Oliver Ekman-Larsson     

Last Minutes Defensive
   Center                   Left Wing                Right Wing               Defense                  Defense                  
   Steven Stamkos           Andrew Cogliano          Cal Clutterbuck          Sean Zimmerman           Oliver Ekman-Larsson     

Goaltenders
Starting : Jacob Markstrom          
Backup : Cam Talbot               

Extra Forwards
Normal : Andrew Cogliano, Teuvo Teravainen, Marcus Foligno - PP : Teuvo Teravainen, Jeff Skinner - PK : Marcus Foligno
Extra Defensemen
Normal : Sean Zimmerman, Radko Gudas, Olli Maatta - PP : Will Butcher - PK : Radko Gudas, Olli Maatta
Penalty Shots
Steven Stamkos, Nikita Kucherov, Jason Zucker, Teuvo Teravainen, Andrew Cogliano

Scratches
None


% Time on Ice - Rangers

Lines # - Real PCT - Wanted PCT - Time Play
Normal Forward
1 - 35% - 40% - 17:46
2 - 28% - 30% - 14:13
3 - 23% - 20% - 11:39
4 - 13% - 10% - 6:27
Normal Defense
1 - 38% - 40% - 19:15
2 - 33% - 30% - 16:27
3 - 24% - 20% - 12:10
4 - 4% - 10% - 2:13
PP Forward
1 - 49% - 60% - 2:55
2 - 51% - 40% - 3:02
PP Defense
1 - 72% - 60% - 4:18
2 - 28% - 40% - 1:39
PK Forward
1 - 89% - 60% - 3:32
2 - 11% - 40% - 0:26
PK Defense
1 - 70% - 60% - 2:47
2 - 30% - 40% - 1:11
PK3 Forward
1 - 0% - 60%
2 - 0% - 40%
PK3 Defense
1 - 0% - 60%
2 - 0% - 40%
44 Forward
1 - 0% - 60%
2 - 0% - 40%
44 Defense
1 - 0% - 60%
2 - 0% - 40%
Last Minute Offensive  - 0:00
Last Minute Defensive  - 0:00
Total
Forward - 60:00
Defense - 60:00

% Time on Ice - Penguins

Lines # - Real PCT - Wanted PCT - Time Play
Normal Forward
1 - 36% - 40% - 18:07
2 - 30% - 30% - 14:57
3 - 19% - 20% - 9:18
4 - 15% - 10% - 7:43
Normal Defense
1 - 39% - 40% - 19:28
2 - 32% - 30% - 16:15
3 - 21% - 20% - 10:31
4 - 8% - 10% - 3:51
PP Forward
1 - 64% - 60% - 2:32
2 - 36% - 40% - 1:26
PP Defense
1 - 63% - 60% - 2:30
2 - 37% - 40% - 1:28
PK Forward
1 - 83% - 60% - 4:58
2 - 17% - 40% - 0:59
PK Defense
1 - 49% - 60% - 2:55
2 - 51% - 40% - 3:02
PK3 Forward
1 - 0% - 60%
2 - 0% - 40%
PK3 Defense
1 - 0% - 60%
2 - 0% - 40%
44 Forward
1 - 0% - 60%
2 - 0% - 40%
44 Defense
1 - 0% - 60%
2 - 0% - 40%
Last Minute Offensive  - 0:00
Last Minute Defensive  - 0:00
Total
Forward - 60:00
Defense - 60:00

Play-by-Play

1st period


0:01 of 1st period - Sean Couturier wins face-off versus Steven Stamkos in neutral zone.
0:09 of 1st period - Oliver Ekman-Larsson is hit by Luke Schenn and loses puck.
0:38 of 1st period - Snap shot by Jason Zucker.
0:38 of 1st period - Stopped by Frederik Andersen without a rebound.
0:39 of 1st period - Joe Colborne wins face-off versus Tomas Hertl in Rangers zone.
0:40 of 1st period - Wrist shot by Cal Clutterbuck.
0:40 of 1st period - Stopped by Frederik Andersen with a rebound.
1:08 of 1st period - Wrist shot by Artem Anisimov.
1:08 of 1st period - Stopped by Jacob Markstrom with a rebound.
1:31 of 1st period - Wrist shot by Milan Lucic.
1:31 of 1st period - Stopped by Jacob Markstrom without a rebound.
1:32 of 1st period - Sean Couturier wins face-off versus Derek Stepan in Penguins zone.
1:39 of 1st period - Snap shot by Sean Couturier.
1:39 of 1st period - Stopped by Jacob Markstrom without a rebound.
1:40 of 1st period - Patrice Bergeron wins face-off versus Derek Stepan in Penguins zone.
1:41 of 1st period - Wrist shot by Steve Quailer.
1:41 of 1st period - Shot Misses the Net.
2:01 of 1st period - Slapshot by Jason Zucker.
2:01 of 1st period - Stopped by Frederik Andersen with a rebound.
2:22 of 1st period - Snap shot by Patrice Bergeron.
2:22 of 1st period - Shot Blocked by Sean Zimmerman.
2:26 of 1st period - Wrist shot by Patrice Bergeron.
2:26 of 1st period - Shot Misses the Net.
2:28 of 1st period - Slapshot by Patrice Bergeron.
2:28 of 1st period - Shot Misses the Net.
2:30 of 1st period - Slapshot by Matt Delahey.
2:30 of 1st period - Stopped by Jacob Markstrom without a rebound.
2:31 of 1st period - Sean Couturier wins face-off versus Steven Stamkos in Penguins zone.
2:34 of 1st period - Wrist shot by Milan Lucic.
2:34 of 1st period - Stopped by Jacob Markstrom without a rebound.
2:35 of 1st period - Steven Stamkos wins face-off versus Sean Couturier in Penguins zone.
2:35 of 1st period - Steven Stamkos is hit by Ryan Strome.
2:41 of 1st period - Slapshot by Sean Couturier.
2:41 of 1st period - Stopped by Jacob Markstrom with a rebound.
3:20 of 1st period - Icing by Olli Maatta.
3:21 of 1st period - Lars Eller wins face-off versus Artem Anisimov in Penguins zone.
3:38 of 1st period - Marcus Foligno is hit by Richard Panik and loses puck.
3:56 of 1st period - Brandon Tanev is hit by Patrik Nemeth and loses puck.
4:27 of 1st period - Slapshot by Lars Eller.
4:27 of 1st period - Stopped by Frederik Andersen without a rebound.
4:28 of 1st period - Sean Couturier wins face-off versus Steven Stamkos in Rangers zone.
5:20 of 1st period - Slapshot by Jason Zucker.
5:20 of 1st period - Shot Misses the Net.
5:22 of 1st period - Backhand shot by Oliver Ekman-Larsson.
5:22 of 1st period - Stopped by Frederik Andersen with a rebound.
5:24 of 1st period - Slapshot by Sean Zimmerman.
5:24 of 1st period - Shot Misses the Net.
5:26 of 1st period - Slapshot by Oliver Ekman-Larsson.
5:26 of 1st period - Shot Blocked by Morgan Ellis.
5:28 of 1st period - Snap shot by Teuvo Teravainen.
5:28 of 1st period - Deflect By Derek Stepan.
5:28 of 1st period - Stopped by Frederik Andersen without a rebound.
5:29 of 1st period - Sean Couturier wins face-off versus Steven Stamkos in Rangers zone.
6:08 of 1st period - Slapshot by Steve Quailer.
6:08 of 1st period - Shot Misses the Net.
6:10 of 1st period - Slapshot by Steve Quailer.
6:10 of 1st period - Stopped by Jacob Markstrom with a rebound.
6:22 of 1st period - Morgan Ellis is hit by Joe Colborne and loses puck.
6:47 of 1st period - Slapshot by Lars Eller.
6:47 of 1st period - Stopped by Frederik Andersen with a rebound.
6:49 of 1st period - Slapshot by Sean Zimmerman.
6:49 of 1st period - Stopped by Frederik Andersen without a rebound.
6:50 of 1st period - Sean Couturier wins face-off versus Marcus Foligno in Rangers zone.
7:22 of 1st period - Minor Penalty to Luke Schenn for Boarding.
7:23 of 1st period - Steven Stamkos wins face-off versus Milan Lucic in Rangers zone.
7:29 of 1st period - Snap shot by Nikita Kucherov.
7:29 of 1st period - Stopped by Frederik Andersen without a rebound.
7:30 of 1st period - Milan Lucic wins face-off versus Steven Stamkos in Rangers zone.
7:45 of 1st period - Dmitry Kulikov is hit by Steven Stamkos and loses puck.
7:58 of 1st period - Slapshot by Oliver Ekman-Larsson.
7:58 of 1st period - Shot Blocked by Patrice Bergeron.
8:04 of 1st period - Snap shot by Patrice Bergeron.
8:04 of 1st period - Shot Blocked by Oliver Ekman-Larsson.
8:10 of 1st period - Wrist shot by Patrice Bergeron.
8:10 of 1st period - Stopped by Jacob Markstrom without a rebound.
8:11 of 1st period - Derek Stepan wins face-off versus Milan Lucic in Penguins zone.
8:18 of 1st period - Snap shot by Jason Zucker.
8:18 of 1st period - Shot Misses the Net.
8:20 of 1st period - Slapshot by Keith Aulie.
8:20 of 1st period - Deflect By Jason Zucker.
8:20 of 1st period - Shot Blocked by Patrik Nemeth.
8:20 of 1st period - Puck is out of play.
8:21 of 1st period - Milan Lucic wins face-off versus Derek Stepan in Rangers zone.
8:32 of 1st period - Snap shot by Derek Stepan.
8:32 of 1st period - Stopped by Frederik Andersen with a rebound.
8:34 of 1st period - Snap shot by Derek Stepan.
8:34 of 1st period - Deflect By Teuvo Teravainen.
8:34 of 1st period - Penguins goal is going for a video replay.
8:34 of 1st period - The goal is refused. The attacking player has interfered with a goalkeeper in his goal crease..
8:35 of 1st period - Milan Lucic wins face-off versus Steven Stamkos in Rangers zone.
8:40 of 1st period - Snap shot by Milan Lucic.
8:40 of 1st period - Stopped by Jacob Markstrom with a rebound.
8:46 of 1st period - Slapshot by Steven Stamkos.
8:46 of 1st period - Shot Blocked by Dmitry Kulikov.
8:48 of 1st period - Slapshot by Oliver Ekman-Larsson.
8:48 of 1st period - Deflect By Andrew Cogliano.
8:48 of 1st period - Shot Misses the Net.
8:48 of 1st period - Puck is out of play.
8:49 of 1st period - Steven Stamkos wins face-off versus Sean Couturier in Rangers zone.
9:22 of 1st period - Penalty to Luke Schenn is over, Luke Schenn is back on ice.
9:22 of 1st period - Wrist shot by Derek Stepan.
9:22 of 1st period - Deflect By Teuvo Teravainen.
9:22 of 1st period - Shot Misses the Net.
9:22 of 1st period - Puck is out of play.
9:23 of 1st period - Patrice Bergeron wins face-off versus Steven Stamkos in Rangers zone.
9:48 of 1st period - Derek Stepan is hit by Sean Couturier and loses puck.
9:55 of 1st period - Dmitry Kulikov is hit by Keith Aulie and loses puck.
11:05 of 1st period - Snap shot by Brandon Tanev.
11:05 of 1st period - Shot Misses the Net.
11:41 of 1st period - Wrist shot by Devante Smith-Pelly.
11:41 of 1st period - Deflect By Radko Gudas.
11:41 of 1st period - Stopped by Jacob Markstrom without a rebound.
11:42 of 1st period - Tomas Hertl wins face-off versus Joe Colborne in Penguins zone.
12:01 of 1st period - Snap shot by Jeff Skinner.
12:01 of 1st period - Stopped by Frederik Andersen with a rebound.
12:19 of 1st period - Slapshot by Keith Aulie.
12:19 of 1st period - Stopped by Frederik Andersen without a rebound.
12:20 of 1st period - Steven Stamkos wins face-off versus Sean Couturier in Rangers zone.
13:41 of 1st period - Chris Bourque is hit by Teuvo Teravainen and loses puck.
14:01 of 1st period - Off-side.
14:02 of 1st period - Sean Couturier wins face-off versus Steven Stamkos in neutral zone.
14:05 of 1st period - Snap shot by Ryan Strome.
14:05 of 1st period - Shot Blocked by Radko Gudas.
14:11 of 1st period - Patrik Nemeth is hit by Andrew Cogliano and loses puck.
15:37 of 1st period - Slapshot by Tomas Hertl.
15:37 of 1st period - Stopped by Jacob Markstrom with a rebound.
15:45 of 1st period - Devante Smith-Pelly is hit by Joe Colborne and loses puck.
16:00 of 1st period - Wrist shot by Artem Anisimov.
16:00 of 1st period - Shot Misses the Net.
16:28 of 1st period - Patrice Bergeron is hit by Will Butcher and loses puck.
16:43 of 1st period - Olli Maatta is hit by Luke Schenn.
17:31 of 1st period - Jonas Brodin is hit by Keith Aulie.
17:55 of 1st period - Jonas Brodin is hit by Oliver Ekman-Larsson and loses puck.
18:10 of 1st period - Jonas Brodin is hit by Derek Stepan.
18:14 of 1st period - Morgan Ellis is hit by Teuvo Teravainen and loses puck.
18:34 of 1st period - Lars Eller is hit by Dmitry Kulikov and loses puck.
18:54 of 1st period - Minor Penalty to Marcus Foligno for Roughing.
18:55 of 1st period - Patrice Bergeron wins face-off versus Steven Stamkos in Penguins zone.
19:12 of 1st period - Wrist shot by Patrice Bergeron.
19:12 of 1st period - Deflect By Chris Bourque.
19:12 of 1st period - Shot Blocked by Sean Zimmerman.
19:12 of 1st period - Puck is out of play.
19:13 of 1st period - Steven Stamkos wins face-off versus Sean Couturier in Penguins zone.
19:22 of 1st period - Slapshot by Luke Schenn.
19:22 of 1st period - Stopped by Jacob Markstrom with a rebound.
Goals for this period are 0 for Rangers vs 0 for Penguins.
Shots for this period are 12 for Rangers vs 13 for Penguins.

2nd period


0:01 of 2nd period - Sean Couturier wins face-off versus Steven Stamkos in neutral zone.
0:42 of 2nd period - Keith Aulie is hit by Luke Schenn.
0:51 of 2nd period - Off-side.
0:52 of 2nd period - Sean Couturier wins face-off versus Joe Colborne in neutral zone.
0:54 of 2nd period - Penalty to Marcus Foligno is over, Marcus Foligno is back on ice.
1:17 of 2nd period - Wrist shot by Andrew Cogliano.
1:17 of 2nd period - Stopped by Frederik Andersen without a rebound.
1:18 of 2nd period - Tomas Hertl wins face-off versus Derek Stepan in Rangers zone.
1:34 of 2nd period - Off-side.
1:35 of 2nd period - Steven Stamkos wins face-off versus Sean Couturier in neutral zone.
2:15 of 2nd period - Slapshot by Nikita Kucherov.
2:15 of 2nd period - Stopped by Frederik Andersen without a rebound.
2:16 of 2nd period - Sean Couturier wins face-off versus Derek Stepan in Rangers zone.
2:42 of 2nd period - Morgan Ellis is hit by Jeff Skinner and loses puck.
2:57 of 2nd period - Minor Penalty to Cal Clutterbuck for Cross-checking.
2:58 of 2nd period - Steven Stamkos wins face-off versus Milan Lucic in Penguins zone.
3:23 of 2nd period - Patrice Bergeron is hit by Steven Stamkos and loses puck.
3:31 of 2nd period - Off-side.
3:32 of 2nd period - Sean Couturier wins face-off versus Steven Stamkos in neutral zone.
3:49 of 2nd period - Snap shot by Chris Bourque.
3:49 of 2nd period - Shot Misses the Net.
4:57 of 2nd period - Penalty to Cal Clutterbuck is over, Cal Clutterbuck is back on ice.
5:27 of 2nd period - Snap shot by Magnus Paajarvi.
5:27 of 2nd period - Stopped by Jacob Markstrom without a rebound.
5:28 of 2nd period - Artem Anisimov wins face-off versus Lars Eller in Penguins zone.
5:33 of 2nd period - Wrist shot by Magnus Paajarvi.
5:33 of 2nd period - Stopped by Jacob Markstrom with a rebound.
5:35 of 2nd period - Snap shot by Richard Panik.
5:35 of 2nd period - Deflect By Magnus Paajarvi.
5:35 of 2nd period - Stopped by Jacob Markstrom without a rebound.
5:36 of 2nd period - Sean Couturier wins face-off versus Steven Stamkos in Penguins zone.
5:43 of 2nd period - Snap shot by Sean Couturier.
5:43 of 2nd period - Stopped by Jacob Markstrom without a rebound.
5:44 of 2nd period - Sean Couturier wins face-off versus Steven Stamkos in Penguins zone.
5:45 of 2nd period - Wrist shot by Milan Lucic.
5:45 of 2nd period - Shot Misses the Net.
6:09 of 2nd period - Steven Stamkos is hit by Milan Lucic and loses puck.
6:27 of 2nd period - Wrist shot by Andrew Cogliano.
6:27 of 2nd period - Shot Misses the Net.
6:29 of 2nd period - Snap shot by Steven Stamkos.
6:29 of 2nd period - Stopped by Frederik Andersen without a rebound.
6:30 of 2nd period - Patrice Bergeron wins face-off versus Derek Stepan in Rangers zone.
7:18 of 2nd period - Slapshot by Richard Panik.
7:18 of 2nd period - Goal by Richard Panik - Rangers : 1 - Penguins : 0.
7:19 of 2nd period - Sean Couturier wins face-off versus Steven Stamkos in neutral zone.
7:22 of 2nd period - Keith Aulie is hit by Milan Lucic and loses puck.
7:31 of 2nd period - Snap shot by Milan Lucic.
7:31 of 2nd period - Shot Blocked by Radko Gudas.
7:33 of 2nd period - Slapshot by Luke Schenn.
7:33 of 2nd period - Shot Misses the Net.
7:42 of 2nd period - Icing by Steven Stamkos.
7:43 of 2nd period - Steve Quailer wins face-off versus Teuvo Teravainen in Penguins zone.
7:59 of 2nd period - Snap shot by Chris Bourque.
7:59 of 2nd period - Stopped by Jacob Markstrom with a rebound.
8:17 of 2nd period - Wrist shot by Steven Stamkos.
8:17 of 2nd period - Goal by Steven Stamkos - Rangers : 1 - Penguins : 1.
8:18 of 2nd period - Steven Stamkos wins face-off versus Sean Couturier in neutral zone.
8:41 of 2nd period - Ryan Strome is hit by Andrew Cogliano and loses puck.
8:52 of 2nd period - Wrist shot by Nikita Kucherov.
8:52 of 2nd period - Stopped by Frederik Andersen with a rebound.
9:00 of 2nd period - Snap shot by Andrew Cogliano.
9:00 of 2nd period - Stopped by Frederik Andersen without a rebound.
9:01 of 2nd period - Derek Stepan wins face-off versus Patrice Bergeron in Rangers zone.
9:02 of 2nd period - Snap shot by Teuvo Teravainen.
9:02 of 2nd period - Goal by Teuvo Teravainen - Rangers : 1 - Penguins : 2.
9:03 of 2nd period - Patrice Bergeron wins face-off versus Steven Stamkos in neutral zone.
9:08 of 2nd period - Snap shot by Chris Bourque.
9:08 of 2nd period - Stopped by Jacob Markstrom without a rebound.
9:09 of 2nd period - Chris Bourque wins face-off versus Steven Stamkos in Penguins zone.
9:19 of 2nd period - Andrew Cogliano is hit by Luke Schenn and loses puck.
9:30 of 2nd period - Chris Bourque is hit by Oliver Ekman-Larsson and loses puck.
9:45 of 2nd period - Snap shot by Nikita Kucherov.
9:45 of 2nd period - Shot Misses the Net.
9:47 of 2nd period - Slapshot by Oliver Ekman-Larsson.
9:47 of 2nd period - Shot Misses the Net.
9:49 of 2nd period - Snap shot by Andrew Cogliano.
9:49 of 2nd period - Stopped by Frederik Andersen with a rebound.
9:51 of 2nd period - Snap shot by Nikita Kucherov.
9:51 of 2nd period - Shot Blocked by Dmitry Kulikov.
10:19 of 2nd period - Oliver Ekman-Larsson is hit by Steve Quailer and loses puck.
10:38 of 2nd period - Slapshot by Steven Stamkos.
10:38 of 2nd period - Stopped by Frederik Andersen with a rebound.
10:40 of 2nd period - Snap shot by Andrew Cogliano.
10:40 of 2nd period - Shot Misses the Net.
10:54 of 2nd period - Snap shot by Nikita Kucherov.
10:54 of 2nd period - Shot Blocked by Patrice Bergeron.
11:18 of 2nd period - Snap shot by Nikita Kucherov.
11:18 of 2nd period - Shot Misses the Net.
11:20 of 2nd period - Snap shot by Nikita Kucherov.
11:20 of 2nd period - Shot Blocked by Dmitry Kulikov.
11:34 of 2nd period - Slapshot by Patrice Bergeron.
11:34 of 2nd period - Stopped by Jacob Markstrom with a rebound.
11:50 of 2nd period - Wrist shot by Nikita Kucherov.
11:50 of 2nd period - Shot Misses the Net.
11:52 of 2nd period - Slapshot by Andrew Cogliano.
11:52 of 2nd period - Stopped by Frederik Andersen with a rebound.
11:54 of 2nd period - Wrist shot by Andrew Cogliano.
11:54 of 2nd period - Stopped by Frederik Andersen without a rebound.
11:55 of 2nd period - Derek Stepan wins face-off versus Sean Couturier in Rangers zone.
13:35 of 2nd period - Wrist shot by Brandon Tanev.
13:35 of 2nd period - Shot Misses the Net.
13:45 of 2nd period - Jonas Brodin is hit by Joe Colborne and loses puck.
14:04 of 2nd period - Artem Anisimov is hit by Teuvo Teravainen and loses puck.
14:19 of 2nd period - Radko Gudas is hit by Magnus Paajarvi and loses puck.
14:45 of 2nd period - Patrik Nemeth is hit by Jeff Skinner and loses puck.
15:02 of 2nd period - Matt Delahey is hit by Radko Gudas and loses puck.
15:43 of 2nd period - Sean Zimmerman is hit by Dmitry Kulikov.
16:29 of 2nd period - Keith Aulie is hit by Dmitry Kulikov and loses puck.
17:48 of 2nd period - Minor Penalty to Derek Stepan for Tripping.
17:49 of 2nd period - Steven Stamkos wins face-off versus Sean Couturier in Penguins zone.
19:48 of 2nd period - Penalty to Derek Stepan is over, Derek Stepan is back on ice.
Goals for this period are 1 for Rangers vs 2 for Penguins.
Shots for this period are 8 for Rangers vs 11 for Penguins.

3rd period


0:01 of 3rd period - Steven Stamkos wins face-off versus Sean Couturier in neutral zone.
0:08 of 3rd period - Slapshot by Oliver Ekman-Larsson.
0:08 of 3rd period - Shot Blocked by Dmitry Kulikov.
0:10 of 3rd period - Backhand shot by Steven Stamkos.
0:10 of 3rd period - Shot Misses the Net.
0:26 of 3rd period - Dmitry Kulikov is hit by Jeff Skinner and loses puck.
0:48 of 3rd period - Off-side.
0:49 of 3rd period - Derek Stepan wins face-off versus Chris Bourque in neutral zone.
0:52 of 3rd period - Snap shot by Teuvo Teravainen.
0:52 of 3rd period - Stopped by Frederik Andersen without a rebound.
0:53 of 3rd period - Derek Stepan wins face-off versus Patrice Bergeron in Rangers zone.
1:46 of 3rd period - Snap shot by Derek Stepan.
1:46 of 3rd period - Stopped by Frederik Andersen without a rebound.
1:47 of 3rd period - Ryan Strome wins face-off versus Andrew Cogliano in Rangers zone.
2:14 of 3rd period - Matt Delahey is hit by Joe Colborne.
2:20 of 3rd period - Slapshot by Jonas Brodin.
2:20 of 3rd period - Stopped by Jacob Markstrom without a rebound.
2:21 of 3rd period - Sean Couturier wins face-off versus Joe Colborne in Penguins zone.
2:48 of 3rd period - Morgan Ellis is hit by Nikita Kucherov and loses puck.
2:55 of 3rd period - Snap shot by Andrew Cogliano.
2:55 of 3rd period - Shot Misses the Net.
3:35 of 3rd period - Wrist shot by Magnus Paajarvi.
3:35 of 3rd period - Deflect By Artem Anisimov.
3:35 of 3rd period - Deflect By Brandon Tanev.
3:35 of 3rd period - Shot Blocked by Keith Aulie.
3:35 of 3rd period - Puck is out of play.
3:36 of 3rd period - Steven Stamkos wins face-off versus Ryan Strome in Penguins zone.
3:36 of 3rd period - Steven Stamkos is hit by Ryan Strome.
4:02 of 3rd period - Oliver Ekman-Larsson is hit by Chris Bourque and loses puck.
4:33 of 3rd period - Wrist shot by Marcus Foligno.
4:33 of 3rd period - Stopped by Frederik Andersen with a rebound.
4:36 of 3rd period - Icing by Matt Delahey.
4:37 of 3rd period - Nikita Kucherov wins face-off versus Tomas Hertl in Rangers zone.
4:38 of 3rd period - Wrist shot by Steven Stamkos.
4:38 of 3rd period - Shot Misses the Net.
5:36 of 3rd period - Slapshot by Lars Eller.
5:36 of 3rd period - Deflect By Marcus Foligno.
5:36 of 3rd period - Stopped by Frederik Andersen without a rebound.
5:37 of 3rd period - Patrice Bergeron wins face-off versus Steven Stamkos in Rangers zone.
7:54 of 3rd period - Slapshot by Luke Schenn.
7:54 of 3rd period - Shot Blocked by Will Butcher.
7:56 of 3rd period - Slapshot by Dmitry Kulikov.
7:56 of 3rd period - Stopped by Jacob Markstrom with a rebound.
7:58 of 3rd period - Slapshot by Artem Anisimov.
7:58 of 3rd period - Stopped by Jacob Markstrom without a rebound.
7:59 of 3rd period - Artem Anisimov wins face-off versus Steven Stamkos in Penguins zone.
8:00 of 3rd period - Slapshot by Richard Panik.
8:00 of 3rd period - Shot Blocked by Andrew Cogliano.
8:02 of 3rd period - Wrist shot by Richard Panik.
8:02 of 3rd period - Shot Misses the Net.
8:04 of 3rd period - Slapshot by Patrik Nemeth.
8:04 of 3rd period - Stopped by Jacob Markstrom without a rebound.
8:05 of 3rd period - Steven Stamkos wins face-off versus Sean Couturier in Penguins zone.
8:10 of 3rd period - Snap shot by Milan Lucic.
8:10 of 3rd period - Shot Misses the Net.
8:12 of 3rd period - Slapshot by Matt Delahey.
8:12 of 3rd period - Shot Misses the Net.
8:14 of 3rd period - Snap shot by Sean Couturier.
8:14 of 3rd period - Stopped by Jacob Markstrom with a rebound.
8:44 of 3rd period - Slapshot by Jason Zucker.
8:44 of 3rd period - Stopped by Frederik Andersen with a rebound.
8:50 of 3rd period - Chris Bourque is hit by Derek Stepan and loses puck.
8:57 of 3rd period - Slapshot by Chris Bourque.
8:57 of 3rd period - Shot Blocked by Keith Aulie.
8:59 of 3rd period - Slapshot by Matt Delahey.
8:59 of 3rd period - Stopped by Jacob Markstrom with a rebound.
9:01 of 3rd period - Snap shot by Chris Bourque.
9:01 of 3rd period - Stopped by Jacob Markstrom without a rebound.
9:02 of 3rd period - Steven Stamkos wins face-off versus Sean Couturier in Penguins zone.
9:02 of 3rd period - Steven Stamkos is hit by Ryan Strome.
9:33 of 3rd period - Backhand shot by Cal Clutterbuck.
9:33 of 3rd period - Goal by Cal Clutterbuck - Rangers : 1 - Penguins : 3.
9:34 of 3rd period - Steven Stamkos wins face-off versus Sean Couturier in neutral zone.
9:39 of 3rd period - Slapshot by Sean Zimmerman.
9:39 of 3rd period - Shot Misses the Net.
9:42 of 3rd period - Icing by Ryan Strome.
9:43 of 3rd period - Steven Stamkos wins face-off versus Sean Couturier in Rangers zone.
10:26 of 3rd period - Slapshot by Ryan Strome.
10:26 of 3rd period - Shot Misses the Net.
10:28 of 3rd period - Slapshot by Dmitry Kulikov.
10:28 of 3rd period - Shot Blocked by Sean Zimmerman.
10:32 of 3rd period - Slapshot by Milan Lucic.
10:32 of 3rd period - Shot Misses the Net.
10:42 of 3rd period - Snap shot by Milan Lucic.
10:42 of 3rd period - Stopped by Jacob Markstrom with a rebound.
10:44 of 3rd period - Snap shot by Ryan Strome.
10:44 of 3rd period - Stopped by Jacob Markstrom with a rebound.
10:46 of 3rd period - Wrist shot by Sean Couturier.
10:46 of 3rd period - Stopped by Jacob Markstrom without a rebound.
10:47 of 3rd period - Chris Bourque wins face-off versus Derek Stepan in Penguins zone.
10:56 of 3rd period - Snap shot by Patrice Bergeron.
10:56 of 3rd period - Stopped by Jacob Markstrom with a rebound.
11:00 of 3rd period - Wrist shot by Chris Bourque.
11:00 of 3rd period - Shot Misses the Net.
11:02 of 3rd period - Wrist shot by Chris Bourque.
11:02 of 3rd period - Shot Blocked by Olli Maatta.
11:04 of 3rd period - Snap shot by Patrik Nemeth.
11:04 of 3rd period - Stopped by Jacob Markstrom without a rebound.
11:05 of 3rd period - Jeff Skinner wins face-off versus Tomas Hertl in Penguins zone.
11:12 of 3rd period - Snap shot by Cal Clutterbuck.
11:12 of 3rd period - Stopped by Frederik Andersen with a rebound.
11:32 of 3rd period - Patrik Nemeth is hit by Teuvo Teravainen.
12:08 of 3rd period - Icing by Lars Eller.
12:09 of 3rd period - Lars Eller wins face-off versus Tomas Hertl in Penguins zone.
12:26 of 3rd period - Oliver Ekman-Larsson is hit by Dmitry Kulikov and loses puck.
12:39 of 3rd period - Snap shot by Milan Lucic.
12:39 of 3rd period - Stopped by Jacob Markstrom without a rebound.
12:40 of 3rd period - Sean Couturier wins face-off versus Derek Stepan in Penguins zone.
12:41 of 3rd period - Snap shot by Milan Lucic.
12:41 of 3rd period - Stopped by Jacob Markstrom with a rebound.
12:45 of 3rd period - Slapshot by Sean Couturier.
12:45 of 3rd period - Shot Blocked by Olli Maatta.
12:47 of 3rd period - Wrist shot by Milan Lucic.
12:47 of 3rd period - Shot Misses the Net.
12:49 of 3rd period - Backhand shot by Patrik Nemeth.
12:49 of 3rd period - Stopped by Jacob Markstrom with a rebound.
12:51 of 3rd period - Snap shot by Ryan Strome.
12:51 of 3rd period - Stopped by Jacob Markstrom without a rebound.
12:52 of 3rd period - Steven Stamkos wins face-off versus Sean Couturier in Penguins zone.
12:56 of 3rd period - Minor Penalty to Milan Lucic for Tripping.
12:57 of 3rd period - Steven Stamkos wins face-off versus T.J Galiardi in Rangers zone.
14:23 of 3rd period - Oliver Ekman-Larsson is hit by Chris Bourque and loses puck.
14:56 of 3rd period - Penalty to Milan Lucic is over, Milan Lucic is back on ice.
15:06 of 3rd period - Wrist shot by Jeff Skinner.
15:06 of 3rd period - Shot Blocked by Luke Schenn.
15:34 of 3rd period - Slapshot by T.J Galiardi.
15:34 of 3rd period - Shot Misses the Net.
16:45 of 3rd period - Snap shot by Richard Panik.
16:45 of 3rd period - Stopped by Jacob Markstrom without a rebound.
16:46 of 3rd period - Tomas Hertl wins face-off versus Steven Stamkos in Penguins zone.
17:31 of 3rd period - Wrist shot by Milan Lucic.
17:31 of 3rd period - Shot Blocked by Will Butcher.
17:33 of 3rd period - Slapshot by Matt Delahey.
17:33 of 3rd period - Stopped by Jacob Markstrom with a rebound.
17:35 of 3rd period - Snap shot by Sean Couturier.
17:35 of 3rd period - Shot Misses the Net.
17:57 of 3rd period - Wrist shot by Patrice Bergeron.
17:57 of 3rd period - Stopped by Jacob Markstrom with a rebound.
18:11 of 3rd period - Icing by Steven Stamkos.
18:12 of 3rd period - Steven Stamkos wins face-off versus Tomas Hertl in Penguins zone.
18:29 of 3rd period - T.J Galiardi is hit by Radko Gudas and loses puck.
18:38 of 3rd period - Wrist shot by Nikita Kucherov.
18:38 of 3rd period - Stopped by Frederik Andersen without a rebound.
18:39 of 3rd period - Joe Colborne wins face-off versus Milan Lucic in Rangers zone.
18:40 of 3rd period - Snap shot by Jeff Skinner.
18:40 of 3rd period - Shot Misses the Net.
18:42 of 3rd period - Wrist shot by Joe Colborne.
18:42 of 3rd period - Shot Blocked by Matt Delahey.
18:44 of 3rd period - Slapshot by Sean Zimmerman.
18:44 of 3rd period - Stopped by Frederik Andersen with a rebound.
19:22 of 3rd period - Wrist shot by T.J Galiardi.
19:22 of 3rd period - Shot Blocked by Keith Aulie.
Goals for this period are 0 for Rangers vs 1 for Penguins.
Shots for this period are 19 for Rangers vs 9 for Penguins.